 Dungeon Crawl Stone Soup version 0.29.1-1-gd02db6906a (webtiles) character file.

Game seed: 6473402969534516457

332 Linkola the Conjurer (level 6, 0/32 HPs)
             Began as a Deep Elf Conjurer on Oct 21, 2022.
             Was an Initiate of Vehumet.
             Slain by Grinder (9 damage)
             ... on level 3 of the Dungeon.
             The game lasted 00:13:20 (3982 turns).

Linkola the Conjurer (Deep Elf Conjurer)            Turns: 3982, Time: 00:13:20

Health: 0/32       AC:  2    Str:  8 (10) XL:     6   Next: 26%
Magic:  11/15      EV: 12    Int: 23 (25) God:    Vehumet [......]
Gold:   227        SH:  0    Dex: 12 (13) Spells: 9/15 levels left

rFire   . . .      SeeInvis .   i - +1 dagger (protect)
rCold   . . .      Faith    .   (no shield)
rNeg    + . .      Spirit   .   a - +0 robe
rPois   .          Reflect  .   h - +0 hat
rElec   .          Harm     .   (no cloak)
rCorr   .          Rampage  .   (no gloves)
Will    .....                   (no boots)
Stlth   ++........              (no amulet)
HPRegen 0.10/turn               d - +6 ring of strength
MPRegen 0.14/turn               e - ring of positive energy

@: no status effects
A: no striking features
a: Renounce Religion


You were on level 3 of the Dungeon.
You worshipped Vehumet.
Vehumet was noncommittal.
You visited 1 branch of the dungeon, and saw 3 of its levels.

You collected 227 gold pieces.

Inventory:

Hand Weapons
 i - a +1 dagger of protection (weapon)
Armour
 a - a +0 robe (worn)
 h - a +0 hat (worn)
Jewellery
 d - a +6 ring of strength (left hand)
 e - a ring of positive energy (right hand)
Potions
 b - a potion of curing


   Skills:
 + Level 0.1 Fighting
 + Level 3.1 Dodging
 + Level 2.7 Stealth
 + Level 5.3 Spellcasting
 + Level 6.0 Conjurations
 * Level 2.0 Fire Magic
 * Level 2.0 Air Magic
 + Level 0.4 Evocations


You had 9 spell levels left.
You knew the following spells:

 Your Spells              Type           Power      Damage    Failure   Level
a - Magic Dart            Conj           100%       1d8       1%          1
b - Searing Ray           Conj           68%        2d6       1%          2
c - Conjure Flame         Conj/Fire      24%        6-21      5%          3

Your spell library contained the following spells:

 Spells                   Type           Power      Damage    Failure   Level
 Dazzling Flash           Conj/Hex       40%        N/A       8%          3
 Mephitic Cloud           Conj/Pois/Air  18%        N/A       9%          3
 Sticky Flame             Conj/Fire      24%        2d5       17%         4
 Ignite Poison            Fire/Tmut/Pois 9%         N/A       21%         3
 Fulminant Prism          Conj/Hex       10%        3d9       26%         4
 Iskenderun's Mystic Bla  Conj/Tloc      20%        2d6       26%         4
 Freezing Cloud           Conj/Ice/Air   9%         6-21      63%         5


Dungeon Overview and Level Annotations

Branches:
Dungeon (3/15)

Altars:
Gozag
Vehumet

Shops:
D:3 (**:=

Annotations:
D:3 1 runed translucent door, Grinder


Message History

Vehumet accepts your kill.
You now have 216 gold pieces (gained 11).
b - a potion of curing You now have 227 gold pieces (gained 11).
Found a stone staircase leading up.
Found an escape hatch in the ceiling.
You aren't carrying any scrolls.
There is a stone staircase leading up here.
There is a stone staircase leading up here.
There is a stone staircase leading up here.
There is an escape hatch in the ceiling here.
Found a long sword.
Grinder comes into view.
She is carrying a wand of flame (15).
Found a hammer.
Found a runed translucent door.
Grinder shouts!
Casting: Magic Dart (safe; 1% risk of failure)
Confirm with . or Enter, or press ? or * to list all spells.
Aiming: Searing Ray (safe; 1% risk of failure)
Press: ? - help, Shift-Dir - straight line, f - Grinder
Aim: Grinder, carrying a wand of flame (15) (78% to hit)
The searing ray hits Grinder but does no damage. (Press . to maintain the ray.) Grinder gestures at you.
You resist with some effort.
The searing ray hits Grinder!
Grinder is moderately wounded.
Grinder gestures at you. Pain shoots through your body!
The searing ray hits Grinder.
Grinder is moderately wounded.
Grinder zaps a wand.
The puff of flame hits you!
The searing ray hits Grinder.
Grinder is heavily wounded.
You finish channelling your searing ray.
Grinder hits you.
You writhe in agony.
Grinder completely misses you. Grinder hits you.
You writhe in agony.
* * * LOW HITPOINT WARNING * * *
Grinder hits you!
You die...

..#.. #.# #.#
..##.###.# #)
#.#######
..##.....# #.
#.......#
..######.# ..
#######.# ..# #†#
#+ #.# ..######(#
.♣ #.# .........#
♣. #)# ..########
♣5♣♣ #.# ### ♣♣@♣
#.# ..# ♣♣.♣♣ #.#
#.# ♣♣P..♣ #.# #.#
♣...P♣ #∩# #.#
##..## #.# #.#
####....# #.# #.#
#.##...## #.#
#.########.##...###
#.#
#.<.<.............#
#.#


You could see Grinder.

Vanquished Creatures
  Sigmund (D:3)
  A hound (D:2)
  Robin (D:2)
  2 adders (D:2)
  2 worms (D:3)
  A dart slug (D:1)
  11 orcs (D:3)
  4 ball pythons
  9 endoplasms
  11 giant cockroaches
  7 hobgoblins
  4 kobolds
  3 quokkas
  3 bats
  7 frilled lizards
  9 goblins
  5 rats
81 creatures vanquished.

Notes
Turn   | Place    | Note
-------+----------+-------------------------------------------
     0 | D:1      | Linkola the Deep Elf Conjurer began the quest for the Orb.
     0 | D:1      | Reached XP level 1. HP: 10/10 MP: 6/6
   289 | D:1      | Reached XP level 2. HP: 15/15 MP: 1/8
   350 | D:1      | Found a faded altar of an unknown god.
   737 | D:1      | Reached skill level 5 in Conjurations
   911 | D:1      | Reached XP level 3. HP: 19/19 MP: 7/9
   914 | D:1      | Learned a level 2 spell: Searing Ray
  2312 | D:2      | Reached XP level 4. HP: 24/24 MP: 6/11
  2422 | D:2      | Reached skill level 1 in Fire Magic
  2593 | D:2      | Noticed Robin
  2622 | D:2      | Killed Robin
  2623 | D:2      | Reached skill level 1 in Air Magic
  2913 | D:3      | Found Jippiter's Book Shop.
  2976 | D:3      | Found an opulent altar of Gozag.
  2985 | D:3      | Found an opulent altar of Gozag.
  2985 | D:3      | Found an opulent altar of Gozag.
  2993 | D:3      | Found an opulent altar of Gozag.
  3011 | D:3      | Found Qibybau's Assorted Antiques.
  3122 | D:3      | Noticed Sigmund
  3124 | D:3      | Found Urekyt's Jewellery Shop.
  3128 | D:3      | Killed Sigmund
  3129 | D:3      | Reached skill level 5 in Spellcasting
  3129 | D:3      | Reached skill level 6 in Conjurations
  3129 | D:3      | Reached XP level 5. HP: 24/28 MP: 7/14
  3129 | D:3      | Reached XP level 6. HP: 28/32 MP: 7/15
  3135 | D:3      | Learned a level 3 spell: Conjure Flame
  3478 | D:3      | Found Jouteal's Assorted Antiques.
  3492 | D:3      | Found a radiant altar of Vehumet.
  3506 | D:3      | Became a worshipper of Vehumet
  3544 | D:3      | Found Umism's Antique Weapon Shop.
  3975 | D:3      | Found a runed translucent door.
  3975 | D:3      | Noticed Grinder
  3982 | D:3      | Slain by Grinder

Illustrated notes

Levels and vault maps discovered:
D:1:      nicolae_arrival_washed_ashore, layout_loops_corners,
          hellmonk_ecumenical_altar_zigzags, minmay_pentomino_v4
D:2:      layout_loops_ring, chequers_avenue, uniq_robin
D:3:      layout_loops_ring, nicolae_gozag_conspicuous_consumption,
          mainiacjoe_overflow_boulevard, serial_shops, shop,
          nicolae_shop_crystal, shop, shop, shop_statue, uniq_sigmund,
          uniq_crazy_yiuf_cottage, uniq_grinder

Skill      XL: |  1  2  3  4 |
---------------+-------------+-----
Conjurations   | 5 6 |  6.0
Spellcasting   | 5 |  5.3
Fire Magic     | 2 |  2.0
Air Magic      | 2 |  2.0
Dodging        | 3 |  3.1
Fighting       | |  0.1
Stealth        | |  2.7
Evocations     | |  0.4

Action                   |  1- 3 |  4- 6 || total
-------------------------+-------+-------++-------
Melee: Unarmed           |       |     3 ||     3
 Cast: Magic Dart        |    98 |    65 ||   163
       Searing Ray       |     2 |     7 ||     9
       Conjure Flame     |       |     7 ||     7
  Use: Scroll            |     1 |     2 ||     3
       Potion            |       |     4 ||     4
Armor: Robe              |       |     1 ||     1
Dodge: Dodged            |     8 |    13 ||    21
